 Seeded DCSS version 0.30-a0-159-g068b764562 (webtiles) character file.

Game seed: 15512773235663470389 (custom seed)

4454 Iusername the Carver (level 10, -8/88 HPs)
             Began as a Minotaur Fighter on Sept 27, 2022.
             Was an Initiate of Gozag.
             Mangled by a two-headed ogre
             ... wielding a +0 giant club
              (16 damage)
             ... on level 9 of the Dungeon.
             The game lasted 00:14:33 (10403 turns).

Iusername the Carver (Minotaur Fighter)            Turns: 10403, Time: 00:14:34

Health: -8/88      AC: 16    Str: 24    XL:     10   Next: 15%
Magic:  9/9        EV: 11    Int:  5    God:    Gozag
Gold:   1252       SH:  5    Dex: 11    Spells: 9/9 levels left

rFire   . . .      SeeInvis .    a - +0 long sword
rCold   . . .      Faith    .    c - +0 buckler
rNeg    . . .      Spirit   .    p - +1 plate armour
rPois   .          Reflect  .    (helmet restricted)
rElec   .          Harm     .    (no cloak)
rCorr   .          Rampage  .    j - +0 pair of gloves
Will    .....                    (no boots)
Stlth   ..........               (no amulet)
HPRegen 0.24/turn                g - +4 ring of evasion
MPRegen 0.11/turn                (no ring)

@: no status effects
A: horns 2, retaliatory headbutt
a: Renounce Religion, Potion Petition, Call Merchant, Bribe Branch


You were on level 9 of the Dungeon.
You worshipped Gozag.
Gozag was most pleased with you.
You visited 1 branch of the dungeon, and saw 9 of its levels.

You collected 1307 gold pieces.
You paid 55 gold pieces to Gozag.

Inventory:

Hand Weapons
 a - a +0 long sword (weapon)
Armour
 c - a +0 buckler (worn)
 j - a +0 pair of gloves (worn)
 p - a +1 plate armour (worn)
Jewellery
 g - a +4 ring of evasion (left hand)
 q - a ring of fire
 x - a +4 ring of protection
 z - a ring of magical power
Wands
 l - a wand of quicksilver (13)
 u - a wand of flame (39)
Scrolls
 b - 3 scrolls of poison
 e - a scroll of enchant weapon {unknown}
 h - a scroll of magic mapping
 i - a scroll of brand weapon {unknown}
 m - 3 scrolls of immolation
 n - a scroll of identify
 o - a scroll of vulnerability
 t - a scroll of silence
 w - a scroll of fear
 A - a scroll of teleportation
Potions
 d - a potion of degeneration {unknown}
 f - a potion of ambrosia {unknown}
 k - 3 potions of mutation {unknown}
 r - a potion of flight {unknown}
 s - a potion of curing {unknown}
 v - a potion of brilliance {unknown}


   Skills:
 + Level 8.1 Fighting
 + Level 11.8 Long Blades
 + Level 9.6 Armour
 + Level 2.0 Dodging
 + Level 2.2 Stealth
 + Level 6.5 Shields


You had 9 spell levels left.
You didn't know any spells.
Your spell library contained the following spells:

 Spells                   Type           Power      Damage    Failure   Level
 Beastly Appendage        Tmut           0%         N/A       100%        1
 Magic Dart               Conj           0%         1d3       100%        1
 Slow                     Hex            0%         N/A       100%        1
 Blink                    Tloc           0%         N/A       100%        2
 Call Imp                 Summ           0%         N/A       100%        2
 Wereblood                Tmut           0%         N/A       100%        2
 Confusing Touch          Hex            0%         N/A       100%        3
 Lesser Beckoning         Tloc           0%         N/A       100%        3
 Mephitic Cloud           Conj/Pois/Air  0%         N/A       100%        3
 Spider Form              Tmut/Pois      0%         N/A       100%        3
 Vampiric Draining        Necr           0%         2d6       100%        3
 Anguish                  Hex/Necr       0%         N/A       100%        4
 Cause Fear               Hex            0%         N/A       100%        4
 Manifold Assault         Tloc           0%         N/A       100%        4
 Summon Ice Beast         Ice/Summ       0%         N/A       100%        4
 Summon Lightning Spire   Summ/Air       0%         N/A       100%        4
 Enfeeble                 Hex            0%         N/A       100%        7
 Spellforged Servitor     Conj/Summ      0%         N/A       100%        7
 Storm Form               Tmut/Air       0%         N/A       100%        7
 Maxwell's Capacitive Co  Air            0%         ∞         100%        8
 Chain Lightning          Conj/Air       0%         N/A       100%        9
 Fire Storm               Conj/Fire      0%         5d1       100%        9
 Shatter                  Erth           0%         3d5*      100%        9


Dungeon Overview and Level Annotations

Branches:
Dungeon (9/15)             Temple (0/1) D:5            Lair (0/5) D:8
    Orc: D:9-12

Altars:
Ashenzari
Cheibriados
Dithmenos
Fedhas
Gozag
Hepliaklqana
Makhleb
Nemelex Xobeh
Qazlal
Ru
Sif Muna
Uskayaw
Vehumet

Shops:
D:6 *

Annotations:
D:4 2 transporters, hgbash's ghost, amateur OpCj
D:7 3 runed translucent doors, IdlyInterested's ghost, novice DsWn


Innate Abilities, Weirdness & Mutations

You have a pair of horns on your head.
You reflexively headbutt those who attack you in melee.


Message History

Found a scroll of identify.
As you read the scroll of blinking, it crumbles to dust.
The two-headed ogre hits you with a +0 giant club!
You block the two-headed ogre's attack. The orc hits you but does no damage.
You barely miss the two-headed ogre. The orc closely misses you.
You hit the two-headed ogre.
The two-headed ogre is lightly wounded.
You block the two-headed ogre's attack.
The two-headed ogre hits you with a +0 giant club.
The orc is distracted by your dazzling golden aura.
The orc shouts!
You hit the two-headed ogre but do no damage.
You headbutt the two-headed ogre!
The two-headed ogre is moderately wounded.
The two-headed ogre hits you with a +0 giant club!!
The two-headed ogre hits you with a +0 giant club.
You hit the two-headed ogre.
The two-headed ogre is moderately wounded.
You hit the two-headed ogre.
The two-headed ogre is moderately wounded.
The two-headed ogre hits you with a +0 giant club!!
* * * LOW HITPOINT WARNING * * *
The two-headed ogre hits you with a +0 giant club.
* * * LOW HITPOINT WARNING * * *
You barely miss the two-headed ogre.
The two-headed ogre is moderately wounded.
You hit the two-headed ogre but do no damage.
Your headbutt misses the two-headed ogre.
The two-headed ogre is moderately wounded.
You block the two-headed ogre's attack.
The two-headed ogre hits you with a +0 giant club!
* * * LOW HITPOINT WARNING * * *
You hit the two-headed ogre but do no damage.
The two-headed ogre is moderately wounded.
The orc is no longer distracted by gold.
The orc hits you with a +0 flail.
* * * LOW HITPOINT WARNING * * *
The two-headed ogre hits you with a +0 giant club!
You die...
Your body crumbles into a pile of gold.

#...#
###############...#
..................######
..............$.........
...............$........
<..............$........
........................
.....[.........o........
........<......O@.......
........................
.............:....!.....
................?.######
..................#
.........# ..........
?.........


You could see a two-headed ogre and an orc.

Vanquished Creatures
  Sigmund (D:3)
  3 yaks (D:8)
  2 steam dragons
  2 water moccasins (D:8)
  3 black bears (D:8)
  3 ogres
  3 ice beasts
  4 orc warriors
  A sky beast (D:6)
  2 centaurs
  4 bullfrogs (D:8)
  A gnoll sergeant (D:8)
  A necrophage (D:7)
  3 scorpions
  3 wights (D:7)
  6 killer bees
  A howler monkey (D:9)
  3 hounds (D:5)
  3 jellies
  4 orc priests
  4 iguanas
  Ijyb (D:5)
  8 orc wizards
  14 gnolls
  4 adders
  4 shadow imps
  2 white imps (D:6)
  2 ufetubi (D:7)
  3 worms
  4 dart slugs
  23 orcs
  5 endoplasms
  3 giant cockroaches
  6 goblins
  8 hobgoblins
  6 kobolds
  3 quokkas
  8 ball pythons
  3 bats
  A frilled lizard (D:2)
  7 rats
172 creatures vanquished.

Vanquished Creatures (others)
  54 fungi (D:8)
  32 plants (D:8)
86 creatures vanquished.

Grand Total: 258 creatures vanquished

Notes
Turn   | Place    | Note
-------+----------+-------------------------------------------
     0 | D:1      | Iusername the Minotaur Fighter began the quest for the Orb.
     0 | D:1      | Reached XP level 1. HP: 19/19 MP: 0/0
   347 | D:1      | Found a faded altar of an unknown god.
   364 | D:1      | Reached XP level 2. HP: 27/27 MP: 1/1
  1007 | D:2      | Reached XP level 3. HP: 29/33 MP: 2/2
  1854 | D:3      | Reached skill level 3 in Long Blades
  1854 | D:3      | Reached XP level 4. HP: 39/41 MP: 3/3
  2875 | D:3      | Noticed Sigmund
  2889 | D:3      | Killed Sigmund
  2890 | D:3      | Reached skill level 4 in Long Blades
  2890 | D:3      | Reached skill level 5 in Armour
  2890 | D:3      | Reached skill level 1 in Dodging
  2890 | D:3      | Reached XP level 5. HP: 33/47 MP: 4/4
  3298 | D:3      | Found an opulent altar of Gozag.
  3343 | D:3      | Became a worshipper of Gozag Ym Sagoz the Greedy
  3415 | D:4      | Found a sacrificial altar of Ru.
  3416 | D:4      | Found a burning altar of Makhleb.
  3418 | D:4      | Found a sparkling altar of Nemelex Xobeh.
  3505 | D:4      | Reached XP level 6. HP: 55/55 MP: 5/5
  3633 | D:4      | Reached skill level 5 in Long Blades
  3707 | D:4      | Found a radiant altar of Vehumet.
  3779 | D:4      | Found a transporter.
  3797 | D:4      | Found a transporter.
  3801 | D:4      | Noticed hgbash's ghost (amateur OpCj)
  3897 | D:5      | Entered Level 5 of the Dungeon
  4062 | D:5      | Reached skill level 5 in Fighting
  4190 | D:5      | Found a staircase to the Ecumenical Temple.
  4298 | D:5      | Reached skill level 6 in Long Blades
  4299 | D:5      | Reached XP level 7. HP: 55/61 MP: 6/6
  4408 | D:5      | Found a snail-covered altar of Cheibriados.
  4444 | D:5      | Reached skill level 7 in Long Blades
  4765 | D:5      | Noticed Ijyb
  4781 | D:5      | Killed Ijyb
  5257 | D:5      | Found a shadowy altar of Dithmenos.
  5449 | D:6      | Reached XP level 8. HP: 58/70 MP: 7/7
  5455 | D:6      | Reached skill level 8 in Long Blades
  5698 | D:6      | Found a stormy altar of Qazlal.
  5708 | D:6      | Found a hide-covered altar of Uskayaw.
  5709 | D:6      | Found a hazy altar of Hepliaklqana.
  5731 | D:6      | Found Vihi's Assorted Antiques.
  5772 | D:6      | Reached skill level 9 in Long Blades
  5772 | D:6      | Reached skill level 1 in Stealth
  6422 | D:6      | Found a shimmering blue altar of Sif Muna.
  6440 | D:6      | Found a blossoming altar of Fedhas.
  6452 | D:6      | Reached skill level 5 in Shields
  7399 | D:7      | HP: 3/71 [steam dragon/ball of steam (15)]
  7402 | D:7      | Reached XP level 9. HP: 3/78 MP: 8/8
  7957 | D:8      | Reached skill level 10 in Long Blades
  8295 | D:8      | Reached skill level 11 in Long Blades
  8578 | D:8      | Found a staircase to the Lair.
  8825 | D:8      | Found a broken altar of Ashenzari.
  8830 | D:8      | Saw a vision of the Shoals and the Snake Pit.
  8830 | D:8      | Noticed a naga mage
  8830 | D:8      | Noticed a black mamba
  8830 | D:8      | Noticed a black mamba
  8830 | D:8      | Noticed a wind drake
  8830 | D:8      | Noticed a merfolk javelineer
  8830 | D:8      | Noticed a harpy
  8830 | D:8      | Noticed a sea snake
  8830 | D:8      | Noticed a merfolk
  8830 | D:8      | Noticed a merfolk siren
  8830 | D:8      | Noticed a merfolk
  8830 | D:8      | Noticed a merfolk siren
  8830 | D:8      | Noticed a wind drake
  8830 | D:8      | Noticed a water nymph
  8830 | D:8      | Noticed a kraken
  8830 | D:8      | Noticed an alligator snapping turtle
  8830 | D:8      | Noticed a shock serpent
  8831 | D:8      | Noticed a merfolk siren
  8831 | D:8      | Noticed a manticore
  8834 | D:8      | Noticed an anaconda
  9810 | D:7      | Got the Collected Works on Productive Hexes
  9822 | D:7      | Reached XP level 10. HP: 88/88 MP: 9/9
 10229 | D:7      | Found a runed translucent gate.
 10229 | D:7      | Found a runed translucent gate.
 10229 | D:7      | Found a runed translucent gate.
 10230 | D:7      | Noticed IdlyInterested's ghost (novice DsWn)
 10392 | D:9      | Noticed a two-headed ogre
 10403 | D:9      | Mangled by a two-headed ogre

Illustrated notes

Levels and vault maps discovered:
D:1:      matt_arrival_spirals, layout_basic, chequers_ecumenical_altar_simple
D:2:      layout_rooms, nicolae_hexahallways
D:3:      layout_basic, nicolae_gozag_seed_capital, serial_co_window_serial,
          co_window_corner_a, co_window_paths_a, co_window_paths_b,
          co_window_paths_b, co_window_paths_a, co_window_corner_ca,
          co_window_broadway_b, co_window_corner_b, co_window_cross_3,
          co_window_broadway_c, co_window_paths_c, co_window_2corner,
          co_window_4corner_a, glass_columns_a, glass_columns_c,
          glass_columns_a, glass_columns_a, glass_columns_c,
          minmay_misc_feat_ornament, hangedman_feature_mirror, uniq_sigmund
D:4:      layout_basic, kennysheep_little_box,
          gammafunk_temple_overflow_forgotten, gammafunk_ghost_stat_death
D:5:      layout_basic, grunt_dithmenos_shadows, cheibriados_altar_1,
          minmay_temple_entry_fiery, nicolae_underground_beach, uniq_ijyb
D:6:      layout_loops_ring, nicolae_overflow_quartered_altars, kennysheep_mini,
          serial_shops, nicolae_shop_hallway_plus
D:7:      kennysheep_spiral_hall, layout_layer_cave,
          nicolae_overflow_hidden_temple, gammafunk_ghost_nasty_kobolds
D:8:      layout_basic, grunt_ashenzari_visionary
          [grunt_ashenzari_visionary_shoals, grunt_ashenzari_visionary_snake],
          due_lair_maze_entry_diamond
D:9:      layout_long_grid, minivault_16, serial_park_tiny_pond,
          chequers_serial_rivers_marsh, uniq_pikel, uniq_joseph

Skill      XL: |  1  2  3  4  5  6  7  8  9 |
---------------+----------------------------+-----
Armour         | 4 5 6 7 9 |  9.6
Shields        | 4 5 6 |  6.5
Fighting       | 4 5 6 8 |  8.1
Long Blades    | 3 4 6 7 9 11 | 11.8
Dodging        | 1 2 |  2.0
Stealth        | 1 2 |  2.2

Action                   |  1- 3 |  4- 6 |  7- 9 | 10-12 || total
-------------------------+-------+-------+-------+-------++-------
Melee: Long sword        |    79 |    93 |   369 |    51 ||   592
       Headbutt          |    11 |    19 |    70 |     9 ||   109
  Use: Scroll            |       |       |    10 |     1 ||    11
       Potion            |       |       |     9 |       ||     9
 Stab: Distracted        |       |       |     4 |       ||     4
Armor: Scale mail        |    27 |       |       |       ||    27
       Plate armour      |     9 |    46 |   181 |    24 ||   260
Dodge: Dodged            |    37 |    53 |   147 |    18 ||   255
Block: Buckler           |    16 |    20 |    85 |     7 ||   128

Table legend: (Time is in decaauts)
 A = Elapsed time spent in this place.
 B = Non-inter-level travel time spent in this place.
 C = Inter-level travel time spent in this place.
 D = Time resting spent in this place.
 E = Time spent auto-exploring this place.
 F = Levels seen in this place.
 G = Mean time per level.
                   A        B        C        D        E       F      G
               +--------+--------+--------+--------+--------+-----+--------+
         Total |  10372 |  10067 |    305 |   2561 |   5933 |   9 | 1152.4 |
       Dungeon |  10372 |  10067 |    305 |   2561 |   5933 |   9 | 1152.4 |
               +--------+--------+--------+--------+--------+-----+--------+

Top non-repeatable levels by time:
     D:8: 1814 daAuts
     D:3: 1698 daAuts
     D:6: 1572 daAuts
     D:7: 1533 daAuts
     D:5: 1393 daAuts
     D:1: 931 daAuts
     D:2: 802 daAuts
     D:4: 500 daAuts
     D:9: 124 daAuts
